AoeStats
← MarcelKopecek86

Hideout

509594098Analyzed
1v1 RM · 4d ago on Sep 27, 2026· 33m 58s· 2 players
Game mode
Random Map
Map size
Tiny (2 player)
Population
200
Speed
Normal
Resources
Standard
Victory
Conquest
Starting age
Dark Age
Ending age
Imperial Age
RankedLock teamsTeams togetherTeam positionsShared explorationLock speedFull tech treeHidden civsTurbo modeCheats
Victory
Defeat
🇩🇪 Turks · Germany
749
+16
🇨🇿 Khmer · Czechia
752
-16
Ronin501
11:03 Feudal Age
11:59 Double-Bit Axe
14:07 Loom
17:09 Castle Age
15:31 Fletching
16:58 Scale Barding Armor
31:04 Imperial Age
33:46 Imperial Age
MarcelKopecek86
9:18 Loom
11:55 Feudal Age
12:47 Horse Collar
18:08 Castle Age
19:20 Wheelbarrow
24:22 Double-Bit Axe
25:57 Fletching
32:50 Bloodlines
32:40 Husbandry
Connection lost

Rejoining the realm…

Still unreachable

The connection could not be restored.

Session expired

The server has moved on; the page needs a fresh start.